 Dungeon Crawl Stone Soup version 0.30-a0-900-g23479c02f2 (webtiles) character file.

Game seed: 12520908181869312233

10370 zyxo the Cleaver (level 11, -2/101 HPs)
             Began as a Hill Orc Monk on Mar 18, 2023.
             Was an Elder of Beogh.
             Slain by a catoblepas (21 damage)
             ... on level 11 of the Dungeon.
             The game lasted 00:33:51 (13036 turns).

zyxo the Cleaver (Hill Orc Monk)                   Turns: 13036, Time: 00:33:51

Health: -2/101     AC: 13    Str: 19    XL:     11   Next: 61%
Magic:  18/18      EV: 11    Int: 10    God:    Beogh [****..]
Gold:   135        SH:  5    Dex: 13    Spells: 10/10 levels left

rFire   + . .      SeeInvis +    a - +4 spear (venom)
rCold   . . .      Faith    .    (no shield)
rNeg    + . .      Spirit   .    g - +0 ring mail {rF+}
rPois   .          Reflect  +    f - +0 helmet
rElec   .          Rampage  .    I - +0 cloak
rCorr   .                        q - +0 pair of gloves
Will    .....                    k - +2 pair of boots
Stlth   +                        n - amulet of reflection
HPRegen 0.36/turn                p - ring of see invisible
MPRegen 0.16/turn                A - ring of positive energy

@: hasted and slowed
A: no striking features
a: Renounce Religion, Smiting, Recall Orcish Followers


You were on level 11 of the Dungeon.
You worshipped Beogh.
Beogh was greatly pleased with you.
You visited 2 branches of the dungeon, and saw 12 of its levels.
You also visited: Sewer.

You collected 555 gold pieces.
You spent 420 gold pieces at shops.

Inventory:

Hand Weapons
 a - a +4 spear of venom (weapon)
 b - a +8 spear
 c - a +0 sling of freezing
 o - a +2 halberd of freezing
Missiles
 h - 8 boomerangs
 i - 42 poisoned darts (quivered)
Armour
 f - a +0 helmet (worn)
 g - a +0 ring mail of fire resistance (worn)
 k - a +2 pair of boots (worn)
 q - a +0 pair of gloves (worn)
 y - a +2 scale mail
 I - a +0 cloak (worn)
Magical Staves
 r - a staff of fire
Jewellery
 j - the amulet of Joyblauwk {Acrobat rCorr}
   (You found it on level 3 of the Dungeon)

   [amulet of the acrobat]

   It increases your evasion while moving and waiting.
   rCorr:     It protects you from acid and corrosion.
 n - an amulet of reflection (around neck)
 p - a ring of see invisible (left hand)
 A - a ring of positive energy (right hand)
 J - the ring of the Peculiar Spines {rPois rC+ Str+2}
   (You bought it in a shop on level 6 of the Dungeon)

   [ring of poison resistance]

   Str:       It affects your strength (+2).
   rC:        It protects you from cold.
   rPois:     It protects you from poison.
Wands
 E - a wand of mindburst (10)
Scrolls
 s - a scroll of teleportation
 u - 2 scrolls of magic mapping
 x - 3 scrolls of enchant weapon
 B - 7 scrolls of identify
 F - a scroll of fog
Potions
 d - 4 potions of lignification
 e - 2 potions of mutation
 l - 2 potions of magic
 m - 4 potions of attraction
 v - 2 potions of might
 w - 2 potions of flight
 z - 2 potions of curing
 C - a potion of ambrosia


   Skills:
 + Level 10.5 Fighting
 - Level 12.7(14.6) Axes
 - Level 9.9(12.0) Polearms
 - Level 5.0 Armour
 - Level 2.4 Dodging
 - Level 1.5 Stealth
 + Level 10.6 Invocations


You had 10 spell levels left.
You didn't know any spells.
Your spell library contained the following spells:

 Spells                   Type           Power      Damage    Failure   Level
 Foxfire                  Conj/Fire      0%         2x1d4     54%         1
 Magic Dart               Conj           0%         1d3       54%         1
 Call Imp                 Summ           0%         N/A       67%         2
 Lesser Beckoning         Tloc           0%         N/A       67%         2
 Static Discharge         Conj/Air       0%         2-2/arc   67%         2
 Dazzling Flash           Conj/Hex       0%         N/A       88%         3
 Gell's Gravitas          Tloc           0%         N/A       88%         3
 Kindle Blastsparks       Fire/Tloc/Air  0%         2d10      88%         3
 Mephitic Cloud           Conj/Pois/Air  0%         N/A       88%         3
 Teleport Other           Tloc           0%         N/A       88%         3
 Vhi's Electric Charge    Tloc/Air       0%         N/A       88%         3
 Manifold Assault         Tloc           0%         N/A       99%         4
 Arcjolt                  Conj/Air       0%         1d10      100%        5
 Lightning Bolt           Conj/Air       0%         1d11      100%        5
 Silence                  Hex/Air        0%         N/A       100%        5
 Summon Forest            Summ/Tloc      0%         N/A       100%        5
 Eringya's Noxious Bog    Tmut/Pois      0%         N/A       100%        6
 Enfeeble                 Hex            0%         N/A       100%        7
 Summon Hydra             Summ           0%         N/A       100%        7


Dungeon Overview and Level Annotations

Branches:
Dungeon (11/15) Zot: 26475  Temple (1/1) D:7 Zot: 5675    Lair (0/5) D:9
    Orc (0/2) D:10          Sewer (visited)

Altars:
Ashenzari
Cheibriados
Dithmenos
Elyvilon
Fedhas
Gozag
Hepliaklqana
Kikubaaqudgha
Makhleb
Nemelex Xobeh
Okawaru
Qazlal
Ru
Sif Muna
Trog
Uskayaw
Vehumet
Wu Jian
Xom
Yredelemnul
Zin
The Shining One

Shops:
D:6 [=   D:9 (   D:10 *

Annotations:
D:8 dig vault, Erica
D:9 dig vault


Message History

* * * LOW HITPOINT WARNING * * *
You feel as though you will be slow longer.
The catoblepas breathes a plume of calcifying dust at you.
The blast of calcifying dust hits you.
* * * LOW HITPOINT WARNING * * *
You feel extremely sick.
Okay, then.
You feel better.
The kobold brigand is engulfed in calcifying dust.
The kobold brigand stops moving altogether!
The catoblepas gores you!!
* * * LOW HITPOINT WARNING * * *
Okay, then.
You feel much better.
The kobold brigand is engulfed in calcifying dust.
The catoblepas gores you!!
* * * LOW HITPOINT WARNING * * *
The vampire mosquito closely misses you.
The kobold brigand is engulfed in calcifying dust.
You feel much better.
The vampire mosquito bites you but does no damage.
The vampire mosquito bites you.
* * * LOW HITPOINT WARNING * * *
The vampire mosquito draws strength from your injuries!
The catoblepas breathes a plume of calcifying dust at you.
The blast of calcifying dust hits you!
* * * LOW HITPOINT WARNING * * *
The vampire mosquito bites you but does no damage.
The catoblepas gores you!!
* * * LOW HITPOINT WARNING * * *
The catoblepas attacks as you move away!
You block the catoblepas's attack.
The vampire mosquito attacks as you move away!
The vampire mosquito bites you but does no damage.
The vampire mosquito is engulfed in calcifying dust.
The vampire mosquito is moving more slowly.
The vampire mosquito closely misses you.
Okay, then.
You feel yourself speed up. The catoblepas gores you!!
You die...

..##....#.####.#.#
.o#####.#......#)#
.ooo...........()#
.o#####.##...>)#).(...$
..o# #.##..#..##.#$#.#
##.# #.##.##..# .# #
...# #.#..##.K# x ####
#.#.###..#####'### o<#
#.#. #.yY@....... ###
#.##......ยง.......
#.#####.#########. #.#
#.# #.#


You could see a catoblepas (poisoned) and a vampire mosquito (petrifying).

Vanquished Creatures
  Snorg (D:10)
  A two-headed ogre (D:11)
  A cyclops (D:11)
  A manticore (D:11)
  2 unseen horrors
  A troll (D:10)
  A wyvern (D:8)
  A shadow (D:10)
  2 yaks (D:8)
  A vampire (D:11)
  A human (D:8)
  A basilisk (D:9)
  A steam dragon (D:8)
  4 vampire mosquitoes (D:11)
  Duvessa (D:4)
  2 orc warriors
  A sky beast (D:7)
  A black bear (D:9)
  2 ice beasts
  An ogre (D:7)
  5 centaurs
  A phantom (D:5)
  7 kobold brigands
  4 bullfrogs
  3 gnoll sergeants
  3 scorpions
  Dowan (D:4)
  4 wights (D:8)
  A howler monkey (D:8)
  3 hounds
  A jelly (D:8)
  An orc priest (D:3)
  A gnoll bouda (D:7)
  A sleepcap (D:8)
  2 orc wizards (D:6)
  5 iguanas
  13 gnolls
  10 adders
  4 river rats (Sewer)
  A white imp (D:8)
  An ufetubus (D:5)
  5 worms
  4 dart slugs
  12 orcs
  10 ball pythons
  10 endoplasms
  5 giant cockroaches
  5 goblins
  11 hobgoblins
  4 jackals (D:4)
  6 quokkas
  3 bats
  4 frilled lizards
  18 kobolds
  9 rats
205 creatures vanquished.

Vanquished Creatures (collateral kills)
  A two-headed ogre (D:9)
  An elephant (D:9)
  A gargoyle (D:11)
  Maggie (D:7)
  A komodo dragon (D:10)
  3 trolls
  A wyvern (D:9)
  5 yaks
  Eustachio (D:5)
  A human (D:8)
  Edmund (D:6)
  A water moccasin (D:8)
  3 ice beasts
  An ogre (D:6)
  An orc warrior (D:10)
  2 centaurs
  A phantom (D:6)
  A gnoll sergeant (D:6)
  A scorpion (D:6)
  A bullfrog (D:8)
  A wight (D:8)
  A howler monkey (D:9)
  A hound (D:5)
  4 orc priests
  A gnoll bouda (D:6)
  2 iguanas (D:5)
  3 orc wizards
  A statue (D:7)
  10 gnolls
  A shadow imp (D:6)
  A white imp (D:6)
  4 orcs
  A quokka (D:5)
  8 kobolds (D:7)
68 creatures vanquished.

Vanquished Creatures (others)
  An orc knight (D:10)
  6 orc warriors (D:11)
  A human (D:8)
  An orc priest (D:8)
  3 orc wizards
  11 orcs
23 creatures vanquished.

Grand Total: 296 creatures vanquished

Notes
Turn   | Place    | Note
-------+----------+-------------------------------------------
     0 | D:1      | zyxo the Hill Orc Monk began the quest for the Orb.
     0 | D:1      | Reached XP level 1. HP: 19/19 MP: 1/1
   189 | D:1      | Reached XP level 2. HP: 27/27 MP: 2/2
   937 | D:1      | Reached skill level 5 in Axes
  1103 | D:2      | Reached XP level 3. HP: 33/33 MP: 3/3
  1679 | D:2      | Reached XP level 4. HP: 41/41 MP: 4/4
  1954 | D:2      | Found a faded altar of an unknown god.
  2124 | D:2      | Reached skill level 6 in Axes
  2656 | D:3      | Found a burning altar of Makhleb.
  2701 | D:3      | Became a worshipper of Beogh the Brigand
  2701 | D:3      | Reached * piety under Beogh
  2701 | D:3      | Reached ** piety under Beogh
  2792 | D:3      | Reached XP level 5. HP: 42/47 MP: 5/5
  2888 | D:3      | Identified the amulet of Joyblauwk {Acrobat rCorr}
  3204 | D:4      | Noticed Dowan
  3208 | D:4      | Noticed Duvessa
  3219 | D:4      | Reached skill level 5 in Fighting
  3219 | D:4      | Reached skill level 7 in Axes
  3225 | D:4      | Killed Duvessa
  3226 | D:4      | Reached XP level 6. HP: 33/56 MP: 6/6
  3320 | D:4      | Killed Dowan
  3321 | D:4      | Reached skill level 8 in Axes
  3339 | D:4      | Found a glowing drain.
  3373 | Sewer    | Entered a sewer
  3579 | Sewer    | Reached XP level 7. HP: 55/63 MP: 7/7
  3709 | Sewer    | Reached skill level 9 in Axes
  4409 | D:3      | Reached skill level 10 in Axes
  4685 | D:4      | Reached XP level 8. HP: 71/71 MP: 8/8
  4752 | D:4      | Got Pifin's Annotations on Bewitching Causimancy
  4773 | D:4      | Reached *** piety under Beogh
  4945 | D:5      | Entered Level 5 of the Dungeon
  5316 | D:5      | Reached skill level 1 in Invocations
  5508 | D:5      | Found a stormy altar of Qazlal.
  5702 | D:5      | Noticed Eustachio
  5819 | D:5      | Killed Eustachio
  5951 | D:5      | Reached skill level 5 in Invocations
  6308 | D:6      | Reached XP level 9. HP: 61/82 MP: 13/13
  6470 | D:6      | Found Ticsamp's Jewellery Shop.
  6538 | D:6      | Found a hide-covered altar of Uskayaw.
  6670 | D:6      | Noticed Edmund
  6678 | D:6      | Killed Edmund
  6687 | D:6      | Reached **** piety under Beogh
  6834 | D:6      | Found a glowing golden altar of the Shining One.
  6868 | D:6      | Found March's Armour Shop.
  6954 | D:6      | Found a shimmering blue altar of Sif Muna.
  7149 | D:7      | Found a sacrificial altar of Ru.
  7160 | D:7      | Gained Bogbrand as an ally
  7480 | D:7      | Found a staircase to the Ecumenical Temple.
  7500 | Temple   | Entered the Ecumenical Temple
  8069 | D:7      | Noticed Maggie
  8077 | D:7      | Killed Maggie
  8151 | D:7      | Got Sif Muna's Folio of the Map and Enchantment
  8172 | D:7      | Reached skill level 10 in Invocations
  8197 | D:7      | Found a radiant altar of Vehumet.
  8312 | D:7      | Reached skill level 10 in Fighting
  8312 | D:7      | Reached skill level 1 in Armour
  8328 | D:7      | Gained Ognian as an ally
  8747 | D:8      | Reached skill level 11 in Axes
  8749 | D:8      | Reached XP level 10. HP: 92/93 MP: 17/17
  8831 | D:8      | Noticed Erica
  8832 | D:8      | Noticed a cyclops
  8832 | D:8      | Noticed a cyclops
  8841 | D:8      | Noticed a boulder beetle
  8937 | D:8      | Your ally Ognian died
  9268 | D:8      | Reached skill level 12 in Axes
  9344 | D:8      | Reached skill level 5 in Armour
  9854 | D:8      | Reached ***** piety under Beogh
 10352 | D:8      | Found an ancient bone altar of Kikubaaqudgha.
 10439 | D:8      | Found an iron altar of Okawaru.
 10470 | D:8      | Reached skill level 1 in Polearms
 10543 | D:9      | Found Temeo's Weapon Boutique.
 10625 | D:9      | Found a staircase to the Lair.
 10625 | D:9      | Noticed an elephant
 10633 | D:9      | Killed an elephant
 10668 | D:9      | Found a shimmering altar of Xom.
 10669 | D:9      | Found a shimmering altar of Xom.
 10670 | D:9      | Found a shimmering altar of Xom.
 10671 | D:9      | Found a shimmering altar of Xom.
 10671 | D:9      | Found a shimmering altar of Xom.
 10671 | D:9      | Found a shimmering altar of Xom.
 10673 | D:9      | Found a shimmering altar of Xom.
 10674 | D:9      | Found a shimmering altar of Xom.
 10780 | D:9      | Found a broken altar of Ashenzari.
 10790 | D:9      | Reached skill level 5 in Polearms
 10998 | D:6      | Bought the ring of the Peculiar Spines {rPois rC+ Str+2}
                  | for 420 gold pieces
 11368 | D:9      | Noticed a two-headed ogre
 11373 | D:9      | Killed a two-headed ogre
 11621 | D:10     | Entered Level 10 of the Dungeon
 11678 | D:10     | Reached XP level 11. HP: 87/99 MP: 18/18
 11877 | D:10     | Found Vorraidu's Neck Hole.
 11925 | D:10     | Found a staircase to the Orcish Mines.
 11933 | D:10     | Gained Spirok as an ally
 12064 | D:10     | Noticed Snorg
 12075 | D:10     | Your ally Bogbrand died
 12076 | D:10     | Killed Snorg
 12959 | D:11     | Noticed a cyclops
 12959 | D:11     | Noticed a two-headed ogre
 12961 | D:11     | Noticed a manticore
 12963 | D:11     | Killed a two-headed ogre
 12992 | D:11     | Your ally Spirok died
 13013 | D:11     | Killed a manticore
 13014 | D:11     | Killed a cyclops
 13023 | D:11     | Noticed a catoblepas
 13036 | D:11     | Slain by a catoblepas

Illustrated notes

Levels and vault maps discovered:
D:1:      saegor_arrival_simple_b, layout_basic,
          amcnicky_mini_rare_corridor_liquid, minivault_14, minmay_tetromino_o2
D:2:      layout_loops_corners, ebering_ecumenical_altar_hall
D:3:      layout_loops_ring, mainiacjoe_overflow_concentric_impassable
D:4:      layout_rooms, portal_sewer_entry_d, minmay_joined_circles,
          uniq_duvessa
D:5:      layout_cave_pools, nicolae_overflow_hidden_temple, uniq_eustachio
D:6:      layout_cave_pools, tso_altar, led_sif_book, lemuel_tele_altar,
          serial_shops, nicolae_shop_statue_plus, kennysheep_mini,
          nicolae_elevator_lobby_asterisk, uniq_edmund
D:7:      nicolae_cairo_tiling_large_dashed, layout_gridville, vehumet_statue,
          lemuel_crystal_altar, temple_statues, uniq_maggie
D:8:      layout_loops_ring, okawaru_humans, tgw_kikubaaqudgha, minivault_12,
          uniq_erica
D:9:      layout_long_grid, evilmike_ruin_ashenzari, xom_shifter_show,
          david_lair_generic, serial_shops, nicolae_shop_hallway_plus
D:10:     layout_rooms, orc_0_dummy, nicolae_shop_sticking_my_neck_out,
          uniq_snorg
D:11:     minmay_the_grid_4x2 [minmay_the_grid_square_x, minmay_the_grid_paths,
          minmay_the_grid_x, minmay_the_grid_embedded, minmay_the_grid_slots,
          minmay_the_grid_small_cups, minmay_the_grid_odd_star,
          minmay_the_grid_prize_inner_circle], layout_basic, serial_glass,
          glass_columns_a, glass_columns_c, kennysheep_generic_room_14
Temple:   chequers_temple_sunken

Skill      XL: |  1  2  3  4  5  6  7  8  9 10 11 |
---------------+----------------------------------+-----
Fighting       | 4 5 6 8 10 | 10.5
Axes           | 5 6 7 8 10 11 12 | 12.7
Invocations    | 6 10 | 10.6
Armour         | 2 5 |  5.0
Polearms       | 6 9 |  9.9
Dodging        | |  2.4
Stealth        | |  1.5

Action                     |  1- 3 |  4- 6 |  7- 9 | 10-12 || total
---------------------------+-------+-------+-------+-------++-------
  Melee: Hand axe          |   105 |   167 |   173 |       ||   445
         Punch             |     1 |     1 |     8 |     6 ||    16
         War axe           |       |       |   117 |    18 ||   135
         Spear             |       |       |   154 |   262 ||   416
   Fire: Sling             |    13 |    29 |       |       ||    42
  Throw: Stone             |       |     4 |       |       ||     4
         Dart              |       |       |       |     2 ||     2
 Invoke: Convert to Beogh  |       |     1 |       |       ||     1
         Recall Orcish Fol |       |       |     3 |     3 ||     6
         Give Item to Name |       |       |       |     1 ||     1
         Smiting           |       |       |       |     5 ||     5
  Evoke: Wand              |       |       |       |     2 ||     2
    Use: Scroll            |     4 |     7 |     8 |     1 ||    20
         Potion            |       |     1 |     1 |    10 ||    12
   Stab: Sleeping          |     4 |       |       |       ||     4
         Distracted        |       |       |     2 |     2 ||     4
 Armour: Robe              |     8 |       |       |       ||     8
         Leather armour    |     9 |    15 |       |       ||    24
         Ring mail         |       |    24 |   117 |    58 ||   199
  Dodge: Dodged            |    62 |    61 |   128 |    97 ||   348
  Block: Other             |       |    31 |    78 |    51 ||   160
         Reflection        |       |     1 |     4 |     2 ||     7

Table legend: (Time is in decaauts)
 A = Elapsed time spent in this place.
 B = Non-inter-level travel time spent in this place.
 C = Inter-level travel time spent in this place.
 D = Time resting spent in this place.
 E = Time spent auto-exploring this place.
 F = Levels seen in this place.
 G = Mean time per level.
                   A        B        C        D        E       F      G
               +--------+--------+--------+--------+--------+-----+--------+
         Total |  13102 |  12337 |    765 |   3871 |   6050 |  13 | 1007.8 |
       Dungeon |  11762 |  11028 |    734 |   3658 |   5291 |  11 | 1069.3 |
        Temple |    324 |    294 |     30 |    100 |    187 |   1 |  324.0 |
         Sewer |   1015 |   1015 |      0 |    113 |    572 |   1 | 1015.0 |
               +--------+--------+--------+--------+--------+-----+--------+

Top non-repeatable levels by time:
     D:8: 1818 daAuts
     D:2: 1412 daAuts
     D:7: 1322 daAuts
     D:1: 1164 daAuts
     D:6: 1121 daAuts
   Sewer: 1015 daAuts
     D:3: 1010 daAuts
     D:9: 952 daAuts
     D:4: 932 daAuts
    D:10: 821 daAuts
     D:5: 684 daAuts
    D:11: 522 daAuts
  Temple: 324 daAuts
